 Dungeon Crawl Stone Soup version 0.16.2-12-gd0ad4c3 (webtiles) character file.

27791 magipi the Cleaver (level 13, -3/102 HPs)
             Began as a Ghoul Gladiator on July 28, 2016.
             Was the Champion of Makhleb.
             Slain by a vampire mosquito (8 damage)
             ... on level 6 of the Lair of Beasts.
             The game lasted 01:14:59 (10704 turns).

magipi the Cleaver (Ghoul Gladiator)               Turns: 10704, Time: 01:14:59

Health: -3/102     AC: 15    Str: 23    XL:     13   Next: 34%
Magic:  34/34      EV: 10    Int:  4    God:    Makhleb [******]
Gold:   828        SH:  0    Dex: 12    Spells: 0 memorised, 12 levels left

rFire  + . .     SeeInvis .     a - +3 battleaxe (venom)
rCold  + . .     Clarity  .     y - +0 chain mail
rNeg   + + +     SustAb   .     (no shield)
rPois  ∞         Gourm    .     c - +1 helmet
rElec  .         Spirit   .     j - +1 cloak {MR+}
rCorr  .         Warding  .     (no gloves)
rMut   .         Stasis   .     A - +0 pair of boots
MR     +....                    H - amulet "Pliovi" {Faith rF+}
Stlth  ..........               G - +3 ring of strength
                                v - ring of magical power (curse)

@: very slightly contaminated, rotting, hasted, very quick, somewhat resistant
to hostile enchantments, extremely unstealthy
A: rotting body, claws 1, carnivore 3, cold resistance 1, negative energy
resistance 3, poison resistance, slow healing 1, torment resistance, unbreathing
a: Minor Destruction, Lesser Servant of Makhleb, Major Destruction, Greater
Servant of Makhleb, Renounce Religion


You were on level 6 of the Lair of Beasts.
You worshipped Makhleb.
Makhleb was exalted by your worship.
You were not hungry.

You visited 3 branches of the dungeon, and saw 18 of its levels.
You also visited: Ice Cave.

You collected 828 gold pieces.

Inventory:

Hand weapons
 a - a +3 battleaxe of venom (weapon)
 b - a +0 blowgun
 l - a +4 antimagic war axe
Missiles
 i - 14 javelins (quivered)
 p - 24 poisoned needles
 U - 3 curare-tipped needles
Armour
 c - a +1 helmet (worn)
 j - a +1 cloak of magic resistance (worn)
 y - a +0 chain mail (worn)
 A - a +0 pair of boots (worn)
Jewellery
 t - an uncursed amulet of clarity
 v - a cursed ring of magical power (left claw)
 G - a +3 ring of strength (right claw)
 H - the amulet "Pliovi" (around neck) {Faith rF+}
   (You found it on level 9 of the Dungeon)

   [amulet of faith]

   It allows you to gain divine favour quickly.
   It protects you from fire.
 J - an uncursed amulet of stasis
Magical devices
 C - a wand of hasting (2)
 K - a wand of flame (22)
 O - a wand of cold (1)
 Q - a wand of lightning (3)
 S - a wand of digging (13)
Scrolls
 d - a scroll of magic mapping
 e - 2 scrolls of fog
 k - 8 scrolls of remove curse
 n - 2 scrolls of teleportation
 w - a scroll of fear
 x - 4 scrolls of recharging
 D - a scroll of vulnerability
 E - a scroll of enchant weapon
Potions
 f - a potion of brilliance
 g - 2 potions of might
 m - 4 potions of curing
 s - a potion of cancellation
 u - 2 potions of haste
 z - 3 potions of restore abilities
 B - 2 potions of magic
 F - 2 potions of resistance
 L - 2 potions of agility
 T - 2 potions of ambrosia
Books
 r - a book of Necromancy

   Spells                             Type                      Level
   a - Pain                           Necromancy                   1
   b - Animate Skeleton               Necromancy                   1
   c - Vampiric Draining              Necromancy                   3
   d - Regeneration                   Charms/Necromancy            3
   e - Animate Dead                   Necromancy                   4
   f - Control Undead                 Necromancy                   4
 I - a book of Dreams

   Spells                             Type                      Level
   a - Ensorcelled Hibernation        Hexes/Ice                    2
   b - Flight                         Charms/Air                   3
   c - Phase Shift                    Translocation                5
   d - Shadow Creatures               Summoning                    5
   e - Mass Confusion                 Hexes                        6
   f - Darkness                       Hexes                        7
 M - a book of Unlife

   Spells                             Type                      Level
   a - Recall                         Summoning/Translocation      3
   b - Animate Dead                   Necromancy                   4
   c - Control Undead                 Necromancy                   4
   d - Cigotuvi's Embrace             Necromancy                   5
   e - Death Channel                  Necromancy                   6
   f - Simulacrum                     Ice/Necromancy               6
Miscellaneous
 N - a phantom mirror
Comestibles
 h - 3 beef jerkies
 o - 3 meat rations
 q - 2 royal jellies


   Skills:
 - Level 6.2 Fighting
 - Level 13.3 Axes
 + Level 5.2 Throwing
 + Level 4.0 Armour
 + Level 5.0 Dodging
 - Level 10.0 Invocations
 + Level 10.2 Evocations


You had 12 spell levels left.
You didn't know any spells.

Dungeon Overview and Level Annotations

Branches:
Dungeon (11/15)            Temple (1/1) D:4            Lair (6/8) D:8
    Orc (0/4) D:9
  Swamp: Lair:3-6    Shoals: Lair:3-6     Snake: Lair:3-6    Spider: Lair:3-6
  Slime: Lair:6-8

Altars:
Ashenzari
Cheibriados
Dithmenos
Elyvilon
Fedhas
Gozag
Kikubaaqudgha
Makhleb
Nemelex Xobeh
Okawaru
Ru
Trog
Vehumet
Xom
Yredelemnul
Zin
The Shining One

Shops:
D:4 }

Annotations:
D:4 Sapher's ghost, weakling DDGl
D:5 Grinder
D:7 mrath's ghost, experienced GrEE
Lair:4 Fannar


Innate Abilities, Weirdness & Mutations

Your body is rotting away.
You thrive on raw meat.
You have sharp fingernails.
You are carnivorous and can eat meat at any time.
Your flesh is cold resistant.
You are immune to negative energy.
Your system is resistant to poisons.
You heal slowly when monsters are visible.
You are immune to unholy pain and torment.
You can survive without breathing.

Vault maps used:
D:1:      minmay_arrival_checkered_box, hex_intersection,
          hangedman_decor_lopped, minivault_27
D:2:      nemelex_xobeh_ov_fountains_minmay, first_bread,
          uniq_crazy_yiuf_cottage, uniq_terence, uniq_iyjb
D:3:      nicolae_overflow_hidden_temple, uniq_natasha, uniq_sigmund, uniq_robin
D:4:      good_gods_mini_temple, lemuel_crystal_altar,
          minmay_temple_entry_glassed_door, serial_shops, shop_fountains
D:5:      kennysheep_mini_moat, amethyst_overflow_temple_binary,
          okawaru_metal_pillars_1_2, uniq_grinder
D:6:      overflow_temple_1_default, trog_three_pillars_becter
D:7:      the_bakery
D:8:      nicolae_overflow_crystal_walls, tgw_sif, dpeg_lair_monsters,
          nicolae_dithmenos_shadow_blocks, uniq_duvessa
D:9:      erik_orc_4, centaur_isle
D:10:     uniq_gastronok
D:11:     nicolae_ru_awakened_eye, uniq_psyche
Temple:   nicolae_temple_great_sept
Lair:1:   lemuel_reptile_caves, portal_ice_cave_entry_ice_beasts
Lair:2:   grunt_megastairs_4, lemuel_fruit_tree
Lair:4:   st_stairs_6, uniq_fannar, uniq_harold
Lair:6:   minmay_swamp_entry_swarm, spider_nest_entry_rubble
IceCv:    ice_cave_tombish


Message History

You kill the wyvern!
Makhleb accepts your kill.
You feel a little better.
You completely miss the spiny frog.
The spiny frog is moderately wounded.
You barely miss the vampire mosquito.
The vampire mosquito is heavily damaged.
You closely miss the vampire mosquito. The vampire mosquito barely misses you.
The vampire mosquito bites you but does no damage.
The spiny frog stings you but does no damage.
The vampire mosquito bites you!
The vampire mosquito bites you but does no damage.
Unknown command.
You closely miss the vampire mosquito.
The vampire mosquito is heavily damaged.
You barely miss the spiny frog.
The spiny frog is moderately wounded.
You miss the vampire mosquito. You closely miss the vampire mosquito.
The vampire mosquito bites you but does no damage.
The vampire mosquito bites you. x2
The spiny frog barely misses you. The vampire mosquito bites you!
The vampire mosquito bites you.
The vampire mosquito bites you but does no damage.
You are too injured to fight recklessly!
Unknown command.
You are too injured to fight recklessly!
You are too injured to fight recklessly!
Unknown command.
You are too injured to fight recklessly!
Unknown command.
Unknown command.
You hit the vampire mosquito.
The vampire mosquito is lightly damaged.
You slash the spiny frog!
The spiny frog is almost dead.
You slash the vampire mosquito!
The vampire mosquito is almost destroyed.
You slice the vampire mosquito!!
The vampire mosquito is severely damaged.
The vampire mosquito barely misses you. The vampire mosquito bites you.
The spiny frog stings you. The vampire mosquito bites you.
The vampire mosquito closely misses you.
The vampire mosquito bites you.
The vampire mosquito bites you but does no damage.
The spiny frog stings you!
* * * LOW HITPOINT WARNING * * *
All of the chunks of flesh in your inventory have rotted away.
Evoke which item? (* to show all) (? for menu, Esc to quit)
Zapping:
C - a wand of hasting (3)
Press: ? - help, Shift-Dir - straight line, f - you You feel yourself speed up.
You are very lightly contaminated with residual magic.
This wand has 2 charges left.
The vampire mosquito closely misses you.
The vampire mosquito bites you but does no damage. x3
The spiny frog stings you.
* * * LOW HITPOINT WARNING * * *
Unknown command.
You hit the vampire mosquito.
You destroy the vampire mosquito!
Makhleb accepts your kill.
You feel a little better.
You closely miss the vampire mosquito.
The vampire mosquito is heavily damaged.
You barely miss the vampire mosquito.
The vampire mosquito is lightly damaged.
You hit the spiny frog.
The spiny frog is almost dead.
The vampire mosquito bites you.
The vampire mosquito closely misses you.
The vampire mosquito bites you!
* * * LOW HITPOINT WARNING * * *
The spiny frog stings you!!
* * * LOW HITPOINT WARNING * * *
Drink which item? (? for menu, Esc to quit)
Okay, then.
Unknown command.
Read which item? (? for menu, Esc to quit)
As you read the scroll of fear, it crumbles to dust.
You assume a fearsome visage.
The vampire mosquito is unaffected.
The vampire mosquito is unaffected. x2
The porcupine looks frightened!
The spiny frog looks frightened!
The komodo dragon looks frightened!
The vampire mosquito closely misses you.
The vampire mosquito bites you but does no damage. x2
Unknown command.
Unknown command.
Drink which item? (? for menu, Esc to quit)
Okay, then.
Unknown command.
You hit the vampire mosquito.
The vampire mosquito is severely damaged.
You hit the vampire mosquito.
The vampire mosquito is lightly damaged.
You hit the spiny frog.
Your attack snaps the spiny frog out of its fear.
The spiny frog is almost dead.
You miss the vampire mosquito.
The vampire mosquito is lightly damaged.
The vampire mosquito bites you but does no damage.
The vampire mosquito bites you!
You die...

... #.... ......
##>......
##........
#.####.........
......r†.........
.......y@........
....#..yFy....$..
#l..........
............#
.............##
♣.♣♣......... ♣
♣♣....#.. ≈....##
♣♣.


You could see a komodo dragon (fleeing), a spiny frog (fleeing), 3 vampire
mosquitoes and a porcupine (fleeing).

Table legend:
 A = Kills in this place as a percentage of kills in entire the game.
 B = Kills by you in this place as a percentage of kills by you in the entire game.
 C = Kills by friends in this place as a percentage of kills by friends in the entire game.
 D = Other kills in this place as a percentage of other kills in the entire game.
 E = Experience gained in this place as a percentage of experience gained in the entire game.
 F = Experience gained in this place divided by the number of levels of this place that you have seen.
                   A       B       C       D       E      F
               +-------+-------+-------+-------+-------+----------------------
         Total | 100.0 | 100.0 | 100.0 |  -nan | 100.0 | 2089.6
       Dungeon |  64.3 |  64.6 |  57.1 |  -nan |  38.8 | 1402.0
          Lair |  35.2 |  35.0 |  42.9 |  -nan |  59.7 | 3951.8
      Ice Cave |   0.5 |   0.5 |   0.0 |  -nan |   1.4 | 569.0
               +-------+-------+-------+-------+-------+----------------------

Vanquished Creatures
  Gastronok (D:10)
  Harold (Lair:4)
  A hydra (Lair:4)
  An unseen horror (D:11)
  4 hill giants
  2 griffons
  6 elephants (Lair:5)
  3 black mambas
  3 spiny frogs
  A komodo dragon (Lair:5)
  2 blue devils (IceCv)
  3 basilisks
  A wyvern (Lair:6)
  A spriggan (D:6)
  2 deep elf magi
  11 wolves
  A vampire mosquito (Lair:6)
  4 hippogriffs
  34 yaks
  A warg (D:9)
  7 water moccasins
  4 orc warriors
  2 sky beasts
  3 black bears
  11 ice beasts
  2 porcupines
  4 ogres
  5 centaurs
  Sigmund (D:3)
  Duvessa (D:8)
  8 crocodiles
  14 giant frogs
  7 killer bees
  4 scorpions
  A jelly (D:7)
  5 wights
  4 goliath beetles
  3 crimson imps
  Dowan (D:8)
  9 orc priests
  Crazy Yiuf (D:2)
  8 orc wizards
  6 hounds
  Natasha (twice) (D:3)
  8 iguanas
  11 worker ants
  12 sheep
  A mummy (D:11)
  3 hound skeletons
  Robin (D:3)
  28 adders
  17 river rats
  3 giant mites
  3 worms
  2 oozes
  31 orcs
  A ball python (D:7)
  A bat skeleton (D:6)
  A giant cockroach (D:3)
  16 goblins
  13 hobgoblins
  5 jackals
  10 quokkas
  13 bats
  2 giant cockroach zombies
  5 giant geckos
  2 giant gecko skeletons (D:4)
  7 giant newts
  A jackal zombie (D:5)
  12 kobolds
  10 rats
  A fungus (Lair:5)
  A plant (Lair:2)
417 creatures vanquished.

Vanquished Creatures (collateral kills)
  3 death yaks (Lair:5)
  A hill giant (D:11)
  Psyche (D:11)
  A troll (D:10)
  4 yaks
  2 wolves (Lair:3)
  A giant frog zombie (D:10)
  A worker ant (D:10)
14 creatures vanquished.

Vanquished Creatures (others)
  A blizzard demon (Lair:5)
  A green death (Lair:5)
  A ynoxinul (D:10)
  A neqoxec (D:11)
  A porcupine (Lair:3)
  8 ufetubi (D:10)
  A giant spore (D:10)
  5 fungi
  2 plants (Lair:5)
21 creatures vanquished.

Grand Total: 452 creatures vanquished

Notes
Turn   | Place    | Note
--------------------------------------------------------------
     0 | D:1      | magipi, the Ghoul Gladiator, began the quest for the Orb.
     0 | D:1      | Reached XP level 1. HP: 17/17 MP: 1/1
   178 | D:2      | Reached XP level 2. HP: 19/24 MP: 2/2
   179 | D:2      | Reached skill level 3 in Axes
   276 | D:2      | Reached XP level 3. HP: 7/29 MP: 3/3
   322 | D:2      | Found a sparkling altar of Nemelex Xobeh.
   469 | D:3      | Reached XP level 4. HP: 32/36 MP: 3/3
   538 | D:3      | Found an iron altar of Okawaru.
   650 | D:3      | Noticed Natasha
   664 | D:3      | Killed Natasha
   664 | D:3      | Reached skill level 4 in Axes
   856 | D:2      | Reached XP level 5. HP: 37/39 MP: 4/4
   922 | D:2      | Noticed Crazy Yiuf
   938 | D:2      | Killed Crazy Yiuf
  1069 | D:3      | Noticed Robin
  1079 | D:3      | Killed Robin
  1132 | D:3      | Noticed Sigmund
  1150 | D:3      | Killed Sigmund
  1150 | D:3      | Reached skill level 5 in Axes
  1150 | D:3      | Reached XP level 6. HP: 41/46 MP: 5/5
  1395 | D:4      | Noticed Sapher's ghost (weakling DDGl)
  1440 | D:3      | Noticed Natasha
  1446 | D:3      | Killed Natasha
  1582 | D:4      | Found a basalt altar of Yredelemnul.
  1596 | D:4      | Found Onosapen's Gadget Emporium.
  1688 | D:4      | Found a glowing golden altar of the Shining One.
  1690 | D:4      | Found a white marble altar of Elyvilon.
  1691 | D:4      | Found a glowing silver altar of Zin.
  1754 | D:4      | Found a staircase to the Ecumenical Temple.
  1764 | Temple   | Entered the Ecumenical Temple
  1800 | Temple   | Became a worshipper of Makhleb the Destroyer
  1881 | D:5      | Entered Level 5 of the Dungeon
  1881 | D:5      | Noticed Grinder
  1922 | D:5      | Found an iron altar of Okawaru.
  1953 | D:5      | Reached skill level 6 in Axes
  1953 | D:5      | Reached XP level 7. HP: 26/55 MP: 5/5
  2434 | D:5      | Found an ancient bone altar of Kikubaaqudgha.
  2442 | D:5      | Found a shimmering altar of Xom.
  2569 | D:6      | Reached skill level 7 in Axes
  2647 | D:6      | Found a blossoming altar of Fedhas.
  2671 | D:6      | Acquired Makhleb's first power
  2671 | D:6      | Reached XP level 8. HP: 26/61 MP: 6/6
  2822 | D:6      | Reached skill level 8 in Axes
  2823 | D:6      | Found a bloodstained altar of Trog.
  3145 | D:7      | Noticed mrath's ghost (experienced GrEE)
  3221 | D:8      | Reached skill level 9 in Axes
  3270 | D:8      | HP: 2/60 [orc priest/divine providence (16)]
  3407 | D:7      | Acquired Makhleb's second power
  3481 | D:7      | Got a pitted ring mail
  3518 | D:7      | Reached XP level 9. HP: 63/67 MP: 7/7
  3869 | D:8      | Noticed a basilisk
  3879 | D:9      | Reached skill level 10 in Axes
  3962 | D:9      | Reached skill level 5 in Fighting
  4053 | D:9      | Got a warped platinum amulet
  4067 | D:9      | Acquired Makhleb's third power
  4075 | D:9      | Identified the amulet "Pliovi" {Faith rF+} (You found it on level 9 of the Dungeon)
  4130 | D:9      | Reached skill level 1 in Invocations
  4297 | D:9      | Found a staircase to the Orcish Mines.
  4580 | D:8      | Found a sacrificial altar of Ru.
  4624 | D:7      | You fall through a shaft!
  4629 | D:8      | Acquired Makhleb's fourth power
  4635 | D:8      | Noticed Duvessa
  4674 | D:9      | Reached skill level 5 in Invocations
  4815 | D:10     | Entered Level 10 of the Dungeon
  4948 | D:10     | Reached XP level 10. HP: 64/82 MP: 17/17
  4960 | D:10     | Noticed a hill giant
  5077 | D:8      | Noticed Dowan
  5434 | D:10     | Noticed a hill giant
  5459 | D:10     | Killed a hill giant
  5557 | D:10     | Identified the cursed -5 ring mail of Music {rF+ Str-3 Int+2 Dex+4 SInv} (You found it on level 7 of the Dungeon)
  5595 | D:10     | Noticed a hill giant
  5659 | D:10     | Killed a hill giant
  6023 | D:11     | Noticed a hill giant
  6052 | D:11     | Killed a hill giant
  6052 | D:11     | Acquired Makhleb's fifth power
  6169 | D:11     | Found a sacrificial altar of Ru.
  6237 | D:11     | Reached skill level 11 in Axes
  6341 | D:11     | Noticed Psyche
  6348 | D:11     | Killed Psyche
  6368 | D:11     | Noticed a hill giant
  6380 | D:11     | Killed a hill giant
  6380 | D:11     | Reached skill level 1 in Evocations
  6380 | D:11     | Reached XP level 11. HP: 83/88 MP: 23/23
  6519 | D:11     | Killed an unseen horror
  6519 | D:11     | Reached skill level 10 in Invocations
  7127 | D:10     | Noticed Gastronok
  7214 | D:10     | Killed Gastronok
  7368 | D:10     | Killed a hill giant
  7481 | D:8      | Found a shadowy altar of Dithmenos.
  7525 | D:8      | Killed a basilisk
  7525 | D:8      | Reached skill level 5 in Evocations
  7594 | D:8      | Killed Duvessa
  7599 | D:8      | Killed Dowan
  7656 | D:8      | Found a staircase to the Lair.
  7985 | Lair:1   | Entered Level 1 of the Lair of Beasts
  8048 | Lair:1   | Reached skill level 12 in Axes
  8086 | Lair:1   | Found a frozen archway.
  8171 | IceCv    | Entered an ice cave
  8305 | Lair:1   | Reached XP level 12. HP: 29/93 MP: 24/24
  8447 | Lair:1   | Identified a scroll of acquirement
  9146 | Lair:2   | Reached skill level 13 in Axes
  9535 | Lair:4   | Noticed Fannar
  9616 | Lair:4   | Noticed an eight-headed hydra
  9619 | Lair:4   | Killed an eight-headed hydra
  9619 | Lair:4   | Reached skill level 1 in Armour
  9823 | Lair:5   | Noticed a death yak
  9824 | Lair:5   | Noticed a death yak
  9824 | Lair:5   | Noticed a death yak
  9824 | Lair:5   | Noticed a death yak
  9849 | Lair:5   | Noticed a death yak
  9852 | Lair:5   | Noticed a death yak
  9852 | Lair:5   | Killed a death yak
  9862 | Lair:5   | Killed a death yak
  9876 | Lair:5   | Killed a death yak
 10002 | Lair:4   | Noticed Harold
 10010 | Lair:4   | Killed Harold
 10010 | Lair:4   | Reached XP level 13. HP: 101/101 MP: 25/25
 10342 | Lair:5   | Reached skill level 10 in Evocations
 10390 | Lair:5   | Reached skill level 5 in Throwing
 10697 | Lair:6   | Reached skill level 5 in Dodging
 10702 | Lair:6   | HP: 4/102 [spiny frog (19)]
 10704 | Lair:6   | Slain by a vampire mosquito

Action                   |  1- 3 |  4- 6 |  7- 9 | 10-12 | 13-15 || total
-------------------------+-------+-------+-------+-------+-------++-------
Melee: War axe           |    83 |   203 |   432 |       |       ||   718
       Battleaxe         |       |       |     5 |   598 |   118 ||   721
 Fire: Blowgun           |       |    24 |    69 |    78 |       ||   171
Throw: Throwing net      |     5 |     4 |     4 |       |       ||    13
       Javelin           |       |       |     2 |       |       ||     2
Invok: Minor Destruction |       |       |       |     5 |       ||     5
       Lesser Servant of |       |       |       |     5 |       ||     5
       Greater Servant o |       |       |       |     2 |       ||     2
Evoke: Wand              |       |       |       |     6 |     3 ||     9
  Use: Potion            |       |       |     4 |     2 |     2 ||     8
       Scroll            |       |       |     4 |    28 |     3 ||    35
 Stab: Held in net/web   |     2 |     1 |       |       |       ||     3
       Distracted        |       |       |     1 |     2 |       ||     3
  Eat: Chunk             |     9 |     9 |    36 |    40 |    12 ||   106
       Royal jelly       |       |       |       |     1 |       ||     1

Action                   |  1- 3 |  4- 6 |  7- 9 | 10-12 | 13-15 || total
-------------------------+-------+-------+-------+-------+-------++-------
Melee: War axe           |    83 |   203 |   432 |       |       ||   718
       Battleaxe         |       |       |     5 |   598 |   118 ||   721
 Fire: Blowgun           |       |    24 |    69 |    78 |       ||   171
Throw: Throwing net      |     5 |     4 |     4 |       |       ||    13
       Javelin           |       |       |     2 |       |       ||     2
Invok: Minor Destruction |       |       |       |     5 |       ||     5
       Lesser Servant of |       |       |       |     5 |       ||     5
       Greater Servant o |       |       |       |     2 |       ||     2
Evoke: Wand              |       |       |       |     6 |     3 ||     9
  Use: Potion            |       |       |     4 |     2 |     2 ||     8
       Scroll            |       |       |     4 |    28 |     3 ||    35
 Stab: Held in net/web   |     2 |     1 |       |       |       ||     3
       Distracted        |       |       |     1 |     2 |       ||     3
  Eat: Chunk             |     9 |     9 |    36 |    40 |    12 ||   106
       Royal jelly       |       |       |       |     1 |       ||     1

Action                   |  1- 3 |  4- 6 |  7- 9 | 10-12 | 13-15 || total
-------------------------+-------+-------+-------+-------+-------++-------
Melee: War axe           |    83 |   203 |   432 |       |       ||   718
       Battleaxe         |       |       |     5 |   598 |   118 ||   721
 Fire: Blowgun           |       |    24 |    69 |    78 |       ||   171
Throw: Throwing net      |     5 |     4 |     4 |       |       ||    13
       Javelin           |       |       |     2 |       |       ||     2
Invok: Minor Destruction |       |       |       |     5 |       ||     5
       Lesser Servant of |       |       |       |     5 |       ||     5
       Greater Servant o |       |       |       |     2 |       ||     2
Evoke: Wand              |       |       |       |     6 |     3 ||     9
  Use: Potion            |       |       |     4 |     2 |     2 ||     8
       Scroll            |       |       |     4 |    28 |     3 ||    35
 Stab: Held in net/web   |     2 |     1 |       |       |       ||     3
       Distracted        |       |       |     1 |     2 |       ||     3
  Eat: Chunk             |     9 |     9 |    36 |    40 |    12 ||   106
       Royal jelly       |       |       |       |     1 |       ||     1
